 Dungeon Crawl Stone Soup version 0.30-a0-424-g7412bad402 (webtiles) character file.

Game seed: 9002203228362733049

147 JoshKwa the Firebug (level 4, -3/34 HPs)
             Began as a Demigod Fire Elementalist on Dec 9, 2022.
             Slain by an orc
             ... wielding a +0 whip
              (5 damage)
             ... on level 3 of the Dungeon.
             The game lasted 00:15:20 (2431 turns).

JoshKwa the Firebug (Demigod Fire Elementalist)     Turns: 2431, Time: 00:15:21

Health: -3/34      AC:  4    Str: 11 (13) XL:     4   Next: 80%
Magic:  8/10       EV: 12    Int: 14 (17) God:
Gold:   174        SH:  0    Dex: 11 (14) Spells: 0/8 levels left

rFire   . . .      SeeInvis .    g - +2 short sword (vamp)
rCold   . . .      Faith    .    (no shield)
rNeg    . . .      Spirit   .    a - +0 robe
rPois   .          Reflect  .    (no helmet)
rElec   .          Harm     .    f - +0 cloak
rCorr   .          Rampage  .    c - +0 pair of gloves
Will    .....                    (no boots)
Stlth   ++........               (no amulet)
HPRegen 0.25/turn                (no ring)
MPRegen 0.12/turn                (no ring)

@: flying
A: high MP 1, forlorn, divine attributes
a: no special abilities


You were on level 3 of the Dungeon.
You visited 1 branch of the dungeon, and saw 3 of its levels.

You collected 174 gold pieces.

Inventory:

Hand Weapons
 g - a +2 vampiric short sword (weapon)
Armour
 a - a +0 robe (worn)
 c - a +0 pair of gloves (worn)
 d - a +0 plate armour
 f - a +0 cloak (worn)


   Skills:
 + Level 0.9 Fighting
 + Level 1.0 Short Blades
 + Level 2.2 Dodging
 + Level 2.4 Stealth
 + Level 2.7 Spellcasting
 + Level 1.6 Conjurations
 + Level 0.1 Transmutations
 + Level 3.3 Fire Magic


You couldn't memorise any spells.
You knew the following spells:

 Your Spells              Type           Power      Damage    Failure   Level
a - Foxfire               Conj/Fire      32%        2x1d5     8%          1
b - Blink                 Tloc           2%         N/A       32%         2
c - Scorch                Fire           22%        2d6       9%          2
d - Kindle Blastsparks    Fire/Tloc/Air  10%        2d10      38%         3

Your spell library contained the following spells:

 Spells                   Type           Power      Damage    Failure   Level
 Beastly Appendage        Tmut           4%         N/A       21%         1
 Summon Small Mammal      Summ           4%         N/A       22%         1
 Wereblood                Tmut           2%         N/A       30%         2
 Inner Flame              Hex/Fire       6%         N/A       32%         3
 Call Canine Familiar     Summ           1%         N/A       54%         3
 Portal Projectile        Hex/Tloc       2%         N/A       54%         3
 Spider Form              Tmut/Pois      2%         N/A       54%         3
 Summon Guardian Golem    Hex/Summ       1%         N/A       54%         3
 Flame Wave               Conj/Fire      8%         2d5       61%         4
 Leda's Liquefaction      Hex/Erth       0%         N/A       91%         4
 Manifold Assault         Tloc           1%         N/A       91%         4
 Storm Form               Tmut/Air       1%         N/A       100%        7


Dungeon Overview and Level Annotations

Branches:
Dungeon (3/15)


Innate Abilities, Weirdness & Mutations

You have an increased reservoir of magic. (+10% MP)
You shall have no god before yourself.
Your divine heritage dramatically boosts your attributes as you level up.


Message History

The slug dart misses you. The orc hits you with a +0 whip.
You hit the orc.
You kill the orc!
The orc barely misses you. The dart slug bites you.
It was a potion of degeneration.
There was something very wrong with that liquid.
You feel weakened.
You feel dopey.
You feel clumsy. The orc misses you. The orc hits you but does no damage.
The hobgoblin barely misses you.
You aren't carrying any scrolls.
You hit the dart slug.
You feel better.
The dart slug is moderately wounded.
The dart slug bites you but does no damage.
The orc barely misses you. The hobgoblin closely misses you.
The orc hits you with a +0 whip.
You hit the dart slug.
You feel better.
The dart slug is heavily wounded.
The orc completely misses you. The hobgoblin hits you. The orc misses you.
The dart slug bites you but does no damage.
You hit the dart slug.
You feel better.
The dart slug is severely wounded.
The orc hits you with a +0 whip. The orc closely misses you.
The hobgoblin hits you but does no damage.
You hit the dart slug.
You feel better.
You kill the dart slug!
The orc hits you with a +0 whip. The hobgoblin closely misses you.
The orc hits you with a +0 whip.
* * * LOW HITPOINT WARNING * * *
You closely miss the orc priest. The orc barely misses you.
The orc priest closely misses you. The orc barely misses you.
The hobgoblin barely misses you.
You barely miss the orc priest. The orc barely misses you.
The hobgoblin barely misses you. The orc hits you with a +0 whip.
* * * LOW HITPOINT WARNING * * *
The orc priest hits you but does no damage.
You hit the orc priest but do no damage.
You barely miss the orc priest. The orc hits you with a +0 whip.
* * * LOW HITPOINT WARNING * * *
The hobgoblin barely misses you. The orc hits you with a +0 whip.
You die...

#.#####.#####..##
#!#.#####)# #..##
#.........# #....
#####.###.# ##.##
#...##.# #.##
##⌠...⌠#### #.##
#g......#.# #.#
#oo.⌠.<.#.#####.##
#@g.....#.........
##o.>.⌠#####.#####
#...## #.# ####
#.# #.# #.# #.#
#.# #.#


You could see an orc priest, 2 orcs and 2 hobgoblins.

Vanquished Creatures
  Natasha (twice) (D:3)
  2 adders (D:2)
  4 dart slugs
  5 orcs (D:3)
  11 bats
  3 endoplasms (D:2)
  2 giant cockroaches (D:1)
  5 goblins
  6 hobgoblins
  7 kobolds
  4 quokkas
  3 ball pythons
  6 frilled lizards
  6 rats
66 creatures vanquished.

Vanquished Creatures (others)
  154 foxfires
154 creatures vanquished.

Grand Total: 220 creatures vanquished

Notes
Turn   | Place    | Note
-------+----------+-------------------------------------------
     0 | D:1      | JoshKwa the Demigod Fire Elementalist began the quest for
                  | the Orb.
     0 | D:1      | Reached XP level 1. HP: 14/14 MP: 5/5
   849 | D:1      | Reached skill level 3 in Fire Magic
   942 | D:1      | Reached XP level 2. HP: 20/20 MP: 4/7
   945 | D:1      | Learned a level 2 spell: Blink
  1059 | D:1      | Reached skill level 1 in Conjurations
  1304 | D:2      | Reached XP level 3. HP: 7/26 MP: 6/8
  1450 | D:2      | Learned a level 2 spell: Scorch
  2062 | D:3      | Reached XP level 4. HP: 27/34 MP: 3/10
  2077 | D:3      | Learned a level 2 spell: Wereblood
  2083 | D:3      | Noticed Natasha
  2129 | D:3      | Killed Natasha
  2193 | D:3      | Noticed Natasha
  2205 | D:3      | Killed Natasha
  2357 | D:3      | Reached skill level 1 in Short Blades
  2414 | D:3      | Learned a level 3 spell: Kindle Blastsparks
  2431 | D:3      | Slain by an orc

Illustrated notes

Levels and vault maps discovered:
D:1:      zelgadis_glass_arrival_small, layout_basic
D:2:      minmay_angry_zag, layout_loops_ring, basic_altar,
          corexii_corridor_pit, grunt_ministairs_8
D:3:      layout_loops_ring, mainiacjoe_overflow_alcove_4,
          basic_ecumenical_altar, gammafunk_ghost_arena, grunt_ministairs_7,
          uniq_natasha

Skill      XL: |  1  2  3  4 |
---------------+-------------+-----
Fire Magic     | 3 |  3.3
Spellcasting   | 2 |  2.7
Conjurations   | 1 |  1.6
Stealth        | 2 |  2.4
Dodging        | 2 |  2.2
Short Blades   | 1 |  1.0
Fighting       | |  0.9
Transmutations | |  0.1

Action                   |  1- 3 |  4- 6 || total
-------------------------+-------+-------++-------
Melee: Dagger            |     4 |       ||     4
       Short sword       |    35 |    37 ||    72
       Punch             |     1 |       ||     1
 Cast: Foxfire           |    94 |    11 ||   105
       Wereblood         |       |     4 ||     4
       Blink             |       |     1 ||     1
  Use: Scroll            |     4 |     2 ||     6
       Potion            |     3 |     5 ||     8
 Stab: Sleeping          |     1 |       ||     1
Armor: Robe              |    32 |    15 ||    47
Dodge: Dodged            |    63 |    46 ||   109

Table legend: (Time is in decaauts)
 A = Elapsed time spent in this place.
 B = Non-inter-level travel time spent in this place.
 C = Inter-level travel time spent in this place.
 D = Time resting spent in this place.
 E = Time spent auto-exploring this place.
 F = Levels seen in this place.
 G = Mean time per level.
                   A        B        C        D        E       F      G
               +--------+--------+--------+--------+--------+-----+--------+
         Total |   2419 |   2217 |    202 |    730 |      0 |   3 |  806.3 |
       Dungeon |   2419 |   2217 |    202 |    730 |      0 |   3 |  806.3 |
               +--------+--------+--------+--------+--------+-----+--------+

Top non-repeatable levels by time:
     D:1: 1271 daAuts
     D:2: 760 daAuts
     D:3: 388 daAuts
